 Dungeon Crawl Stone Soup version 0.25-a0-834-g55863b0 (webtiles) character file.

Game seed: 10016916128493743278, levelgen mode: deterministic

5378 BlueFish the Carver (level 10, -4/90 HPs)
             Began as a Minotaur Fighter on Apr 22, 2020.
             Was a Believer of Yredelemnul.
             Slain by Snorg (11 damage)
             ... on level 10 of the Dungeon.
             The game lasted 00:13:09 (7050 turns).

BlueFish the Carver (Minotaur Fighter)              Turns: 7050, Time: 00:13:10

Health: -4/90      AC: 32    Str: 22    XL:     10   Next: 39%
Magic:  20/20      EV: 11    Int:  5    God:    Yredelemnul [**....]
Gold:   305        SH:  0    Dex: 10    Spells: 9/9 levels left

rFire    . . .     SeeInvis .   s - +1 scimitar (protect)
rCold    . . .     Gourm    .   (no shield)
rNeg     . . .     Faith    .   x - +9 plate armour "Tehel" {+Fly rElec Regen+ Dex-2}
rPois    .         Spirit   .   (helmet restricted)
rElec    +         Reflect  .   (no cloak)
rCorr    .         Harm     .   r - +0 pair of gloves
MR       .....                  b - +0 pair of boots
Stlth    ..........             (no amulet)
HPRegen  0.65/turn              m - +4 ring of evasion
MPRegen  0.17/turn              D - ring of magical power

@: protection aura
A: retaliatory headbutt, horns 2
a: Animate Remains, Recall Undead Slaves, Injury Mirror, Renounce Religion,
Evoke Flight


You were on level 10 of the Dungeon.
You worshipped Yredelemnul.
Yredelemnul was pleased with you.
You were near starving.

You visited 2 branches of the dungeon, and saw 11 of its levels.

You collected 506 gold pieces.
You spent 201 gold pieces at shops.

Inventory:

Hand Weapons
 a - a +0 long sword
 s - a +1 scimitar of protection (weapon)
 y - a +0 short sword of speed
Armour
 b - a +0 pair of boots (worn)
 c - a +0 kite shield
 r - a +0 pair of gloves (worn)
 x - the +9 plate armour "Tehel" (worn) {+Fly rElec Regen+ Dex-2}
   (You found it on level 7 of the Dungeon)

   It affects your dexterity (-2).
   It insulates you from electricity.
   It lets you fly.
   It increases your rate of regeneration.
Jewellery
 m - a +4 ring of evasion (left hand)
 D - a ring of magical power (right hand)
Wands
 g - a wand of disintegration (25)
 u - a wand of paralysis (10)
 B - a wand of flame (16)
Scrolls
 e - a scroll of noise
 h - 2 scrolls of remove curse
 k - a scroll of teleportation
 n - a scroll of fog
 p - a scroll of amnesia
 t - 2 scrolls of fear
 w - a scroll of magic mapping
 C - a scroll of identify
Potions
 d - 2 potions of might
 i - 2 potions of lignification
 j - 2 potions of resistance
 l - a potion of ambrosia
 o - a potion of invisibility
 q - a potion of flight
 v - 4 potions of curing
 A - a potion of brilliance
Comestibles
 f - 19 rations


   Skills:
 * Level 8.9 Fighting
 * Level 12.9 Long Blades
 * Level 8.8 Armour
 + Level 2.0 Dodging
 + Level 5.2 Shields
 * Level 3.7 Invocations


You had 9 spell levels left.
You didn't know any spells.
Your spell library contained the following spells:

 Spells                   Type           Power        Failure   Level  Hunger
 Corona                   Hex            #......      100%        1    ##.....
 Magic Dart               Conj           #...         100%        1    ##.....
 Blink                    Tloc           N/A          100%        2    ###....
 Call Imp                 Summ           #.......     100%        2    ###....
 Ensorcelled Hibernation  Hex/Ice        #.....       100%        2    ###....
 Searing Ray              Conj           #.....       100%        2    ###....
 Slow                     Hex            #.......     100%        2    ###....
 Confusing Touch          Hex            #.......     100%        3    ####...
 Conjure Flame            Conj/Fire      #.......     100%        3    ####...
 Dazzling Flash           Conj/Hex       #.....       100%        3    ####...
 Gell's Gravitas          Tloc           #.........   100%        3    ####...
 Mephitic Cloud           Conj/Pois/Air  #.......     100%        3    ####...
 Tukima's Dance           Hex            #.......     100%        3    ####...
 Fulminant Prism          Conj/Hex       #.........   100%        4    #####..
 Iskenderun's Mystic Bla  Conj/Tloc      #.......     100%        4    #####..
 Petrify                  Tmut/Erth      #.......     100%        4    #####..
 Irradiate                Conj/Tmut      #.........   100%        5    ######.
 Metabolic Englaciation   Hex/Ice        #.........   100%        5    ######.
 Yara's Violent Unravell  Hex/Tmut       #.........   100%        5    ######.
 Hydra Form               Tmut           #.........   100%        6    #######
 Statue Form              Tmut/Erth      #........    100%        6    #######
 Dragon Form              Tmut           #.........   100%        7    #######


Dungeon Overview and Level Annotations

Branches:
Dungeon (10/15)            Temple (1/1) D:5
   Lair: D:8-11         Orc: D:9-12

Altars:
Ashenzari
Cheibriados
Dithmenos
Elyvilon
Fedhas
Gozag
Hepliaklqana
Kikubaaqudgha
Makhleb
Nemelex Xobeh
Okawaru
Qazlal
Ru
Sif Muna
Trog
Uskayaw
Vehumet
Wu Jian
Xom
Yredelemnul
Zin
The Shining One

Shops:
D:4 }?([   D:6 *   D:8 *

Annotations:
D:10 Snorg


Innate Abilities, Weirdness & Mutations

You reflexively headbutt those who attack you in melee.
You have a pair of horns on your head.


Message History

You kill the orc!
Yredelemnul accepts your kill.
You slash Snorg! Your headbutt misses Snorg.
Snorg is almost dead.
Snorg bites you. Snorg claws you! Snorg claws you but does no damage.
An orc opens the door.
Snorg bites you. Snorg claws you but does no damage. Snorg barely misses you.
Found 18 gold pieces.
The orc shouts!
You slice Snorg!! Your headbutt misses Snorg.
Snorg is almost dead.
Snorg bites you but does no damage. Snorg claws you! Snorg claws you.
* * * LOW HITPOINT WARNING * * *
You closely miss Snorg.
Snorg is almost dead.
Snorg bites you!!
* * * LOW HITPOINT WARNING * * *
Snorg claws you!
You die...
Your body rises from the dead as a mindless zombie.

......#..#.
..........
..........
##........ $
....... . ..
##....##...
#o####..........
#...#[.<..###
#.8(@..........
....# oo
#..T##.........
....##.### ###'
.....####.
.#.o..... .
..##>.#.#
.......# .# ##.
#..#.#
.......##.# #.
.....#
o.o.......# #.
#..#..
........... ..
.... .......#


You could see Snorg (berserk) and an orc.

Vanquished Creatures
  Joseph (D:9)
  Psyche (D:8)
  Maggie (D:8)
  Grinder (D:4)
  A hippogriff (D:7)
  4 hogs (D:8)
  A human (D:8)
  3 vampire mosquitoes (D:8)
  An orc warrior (D:7)
  2 phantoms
  A sky beast (D:6)
  5 ogres
  A black bear (D:8)
  4 centaurs
  2 bullfrogs
  A scorpion (D:4)
  3 killer bees (D:8)
  3 wights (D:8)
  2 howler monkeys (D:8)
  A centaur zombie (D:8)
  2 crimson imps (D:7)
  2 quasits (D:9)
  8 orc priests
  2 bullfrog skeletons
  2 hounds
  3 jellies
  8 orc wizards
  2 centaur skeletons
  6 worker ants
  3 hound skeletons
  A howler monkey zombie (D:9)
  2 adders
  6 gnolls
  2 howler monkey skeletons
  An ooze (D:3)
  An adder zombie (D:7)
  2 adder skeletons
  3 worms
  3 dart slugs
  A leopard gecko (D:6)
  36 orcs
  8 bats
  2 giant cockroaches
  12 hobgoblins
  6 jackals
  2 quokkas
  4 frilled lizards
  A giant cockroach zombie (D:5)
  13 goblins
  2 jackal skeletons
  A jackal zombie (D:5)
  4 kobolds
  A quokka skeleton (D:5)
  12 rats
203 creatures vanquished.

Notes
Turn   | Place    | Note
-------+----------+-------------------------------------------
     0 | D:1      | BlueFish the Minotaur Fighter began the quest for the Orb.
     0 | D:1      | Reached XP level 1. HP: 19/19 MP: 0/0
   209 | D:1      | Reached XP level 2. HP: 26/27 MP: 1/1
   503 | D:1      | Reached XP level 3. HP: 31/33 MP: 2/2
   597 | D:1      | Reached skill level 3 in Long Blades
   908 | D:2      | Found a snail-covered altar of Cheibriados.
  1305 | D:3      | Reached XP level 4. HP: 38/41 MP: 3/3
  1447 | D:3      | Reached skill level 4 in Long Blades
  1630 | D:3      | Reached XP level 5. HP: 42/47 MP: 4/4
  1942 | D:4      | Found Zuarezo's Antique Weapon Boutique.
  1946 | D:4      | Found Rukupae's Armour Shoppe.
  1976 | D:4      | Noticed Grinder
  1985 | D:4      | Paralysed by Grinder for 7 turns
  1993 | D:4      | Killed Grinder
  1993 | D:4      | Reached skill level 5 in Long Blades
  1993 | D:4      | Reached skill level 5 in Armour
  1993 | D:4      | Reached skill level 1 in Dodging
  1993 | D:4      | Reached XP level 6. HP: 49/55 MP: 5/5
  2026 | D:4      | Reached skill level 5 in Fighting
  2026 | D:4      | Reached skill level 6 in Long Blades
  2077 | D:4      | Found Guschub's Magic Scroll Boutique.
  2085 | D:4      | Bought a scroll of remove curse for 33 gold pieces
  2135 | D:4      | Reached XP level 7. HP: 59/61 MP: 6/6
  2349 | D:4      | Reached skill level 5 in Shields
  2577 | D:4      | Found Wofrief's Gadget Emporium.
  2762 | D:5      | Entered Level 5 of the Dungeon
  2826 | D:5      | Reached skill level 7 in Long Blades
  2913 | D:5      | Found a sparkling altar of Nemelex Xobeh.
  3025 | D:4      | Bought a glowing scimitar for 168 gold pieces
  3095 | D:5      | Found a staircase to the Ecumenical Temple.
  3153 | Temple   | Entered the Ecumenical Temple
  3307 | Temple   | Became a worshipper of Yredelemnul the Dark
  3691 | D:6      | Reached skill level 8 in Long Blades
  3691 | D:6      | Reached XP level 8. HP: 57/70 MP: 7/7
  3759 | D:6      | Found a shadowy altar of Dithmenos.
  3951 | D:6      | Found Atamoz's Elemental Accessories.
  4499 | D:7      | Noticed a hippogriff
  4513 | D:7      | Killed a hippogriff
  4513 | D:7      | Reached skill level 9 in Long Blades
  4513 | D:7      | Reached skill level 1 in Invocations
  4623 | D:7      | HP: 3/71 [orc warrior/+0 glaive (2)]
  4816 | D:7      | Got a translucent plate armour
  4827 | D:7      | Identified the +9 plate armour "Tehel" {+Fly rElec Regen+
                  | Dex-2} (You found it on level 7 of the Dungeon)
  4854 | D:7      | You fall into a shaft and drop 3 floors!
  4854 | D:10     | Entered Level 10 of the Dungeon
  4944 | D:8      | Reached skill level 10 in Long Blades
  4944 | D:8      | Reached XP level 9. HP: 71/78 MP: 9/9
  5013 | D:8      | Reached * piety under Yredelemnul
  5644 | D:8      | Reached skill level 11 in Long Blades
  5787 | D:8      | Noticed Maggie
  5802 | D:8      | Killed Maggie
  5863 | D:8      | Noticed Psyche
  5877 | D:8      | Killed Psyche
  5903 | D:8      | Reached skill level 12 in Long Blades
  6029 | D:8      | Reached XP level 10. HP: 83/88 MP: 11/11
  6099 | D:8      | Found Pedaf's General Store.
  6251 | D:8      | Reached ** piety under Yredelemnul
  6523 | D:9      | Found an ancient bone altar of Kikubaaqudgha.
  6748 | D:9      | Found a white marble altar of Elyvilon.
  6798 | D:9      | Noticed Joseph
  6820 | D:9      | Killed Joseph
  7038 | D:10     | Noticed Snorg
  7050 | D:10     | Slain by Snorg

Levels and vault maps discovered:
D:1:      dpeg_arrival_ternary, layout_basic
D:2:      layout_rooms, cheibriados_altar_1, minmay_splitting_lines,
          minmay_heptomino_l4
D:3:      layout_loops_ring, grunt_ministairs_3
D:4:      layout_gridville, serial_shops, shop, shop, shop, shop_statue,
          serial_bayou_crossing, uniq_grinder
D:5:      layout_rooms, minmay_temple_entry_drinking_statues, basic_altar,
          first_ration, hex_large
D:6:      layout_loops_cross, nicolae_elemental_shop, grunt_dithmenos_smoke
D:7:      layout_loops_ring, minmay_manual_mares
D:8:      layout_basic, serial_shops, shop, grunt_livestock,
          minmay_strange_pillars, uniq_psyche, uniq_maggie
D:9:      layout_long_grid, old_standard_altar, basic_altar, uniq_joseph
D:10:     layout_basic, hiddenorc2_lemuel, tgw_fedhas, uniq_snorg, uniq_sonja
Temple:   regret_index_temple_chain_breaker

Skill      XL: |  1  2  3  4  5  6  7  8  9 |
---------------+----------------------------+-----
Fighting       | 4 5 6 8 |  8.9
Armour         | 4 5 6 7 8 |  8.8
Long Blades    | 3 4 5 6 8 10 12 | 12.9
Shields        | 4 5 |  5.2
Dodging        | 1 2 |  2.0
Invocations    | 2 3 |  3.7

Action                   |  1- 3 |  4- 6 |  7- 9 | 10-12 || total
-------------------------+-------+-------+-------+-------++-------
Melee: Long sword        |   111 |    87 |    32 |       ||   230
       Headbutt          |    11 |    22 |    56 |    19 ||   108
       Scimitar          |       |       |   248 |    86 ||   334
  Use: Scroll            |     7 |     3 |     9 |     1 ||    20
       Potion            |       |       |     2 |       ||     2
  Eat: Chunk             |     1 |     3 |     9 |     2 ||    15
       Ration            |       |       |     1 |       ||     1
Armor: Scale mail        |    47 |    18 |    46 |       ||   111
       Plate armour      |       |       |    83 |    49 ||   132
Dodge: Dodged            |    45 |    43 |   159 |    55 ||   302
Block: Kite shield       |    35 |    25 |       |       ||    60
       Rpst.: Long sword |    14 |    15 |    11 |       ||    40
       Scimitar          |       |       |    26 |    10 ||    36

Table legend:
 A = Non-vault XP
 B = Vault XP
 C = Vault XP percentage of total XP
 D = Non-vault monster count
 E = Vault monster count
 F = Vault count percentage of total count
                 A         B        C        D         E       F
            +---------+---------+-------+---------+---------+-------
      Total |    4801 |    2883 |  37.5 |     180 |      23 |  11.3
            +---------+---------+-------+---------+---------+-------
        D:1 |      47 |       0 |   0.0 |      27 |       0 |   0.0
        D:2 |      45 |       3 |   6.2 |      18 |       2 |  10.0
        D:3 |     109 |       9 |   7.6 |      31 |       2 |   6.1
        D:4 |     391 |     286 |  42.2 |      18 |       1 |   5.3
        D:5 |     501 |       0 |   0.0 |      19 |       0 |   0.0
        D:6 |     190 |       0 |   0.0 |       6 |       0 |   0.0
        D:7 |    1050 |     222 |  17.5 |      19 |       2 |   9.5
        D:8 |    2104 |    1786 |  45.9 |      36 |       7 |  16.3
        D:9 |     364 |     475 |  56.6 |       6 |       1 |  14.3
       D:10 |       0 |     102 | 100.0 |       0 |       8 | 100.0
            +---------+---------+-------+---------+---------+-------
